 Dungeon Crawl Stone Soup version 0.30-a0-557-ge2afbf3030 (webtiles) character file.

Game seed: 5551483582268964874

11919 bande the Cleaver (level 11, -1/100 HPs)
             Began as a Gargoyle Fighter on Dec 28, 2022.
             Was a High Priest of Okawaru.
             Slain by a yak (2 damage)
             ... on level 2 of the Lair of Beasts.
             The game lasted 00:17:28 (9917 turns).

bande the Cleaver (Gargoyle Fighter)                Turns: 9917, Time: 00:17:29

Health: -1/100     AC: 29    Str: 19      XL:     11   Next: 85%
Magic:  16/16      EV:  2    Int:  7 (10) God:    Okawaru [*****.]
Gold:   1602       SH: 12    Dex: 13      Spells: 10/10 levels left

rFire   . . .      SeeInvis .    a - +1 war axe (venom)
rCold   . . .      Faith    .    n - +1 kite shield
rNeg    + . .      Spirit   .    (body armour currently unavailable)
rPois   ∞          Reflect  .    (helmet currently unavailable)
rElec   .          Harm     .    (cloak currently unavailable)
rCorr   .          Rampage  .    (gloves currently unavailable)
Will    +....      NoTele   +    (boots currently unavailable)
Stlth   +                        v - amulet of regeneration
HPRegen 1.16/turn                l - ring of willpower
MPRegen 0.15/turn                j - +4 ring of protection

@: tree-form
A: stationary, stasis, torment immunity, boosted hp, sickness immunity, AC +8,
negative energy resistance 1, (electricity resistance), torment resistance 1,
petrification resistance
a: Renounce Religion, Heroism, Finesse, Duel


You were on level 2 of the Lair of Beasts.
You worshipped Okawaru.
Okawaru was extremely pleased with you.
You were a tree.
You visited 3 branches of the dungeon, and saw 13 of its levels.
You also visited: Bailey.

You collected 1602 gold pieces.

Inventory:

Hand Weapons
 a - a +1 war axe of venom (weapon)
 r - a +0 flail
 y - a +2 heavy hammer
Armour
 d - a +0 helmet of see invisible (melded)
 f - a +2 plate armour of fire resistance
 i - a scarf of repulsion (melded)
 n - a +1 kite shield (worn)
 s - a +0 pair of gloves (melded)
 u - a +0 pair of boots (melded)
 w - a +1 crystal plate armour (melded)
Jewellery
 j - a +4 ring of protection (right branch)
 l - a ring of willpower (left branch)
 v - an amulet of regeneration (around neck)
Wands
 p - a wand of iceblast (25)
 t - a wand of flame (52)
 z - a wand of mindburst (6)
Scrolls
 b - 4 scrolls of enchant weapon
 m - 8 scrolls of identify
 x - 6 scrolls of teleportation
 B - 3 scrolls of blinking
 C - 2 scrolls of amnesia
 D - a scroll of torment {unknown}
 H - a scroll of immolation {unknown}
 J - a scroll of poison {unknown}
 K - a scroll of enchant armour
Potions
 c - 2 potions of magic
 e - a potion of resistance
 g - a potion of curing
 h - 6 potions of lignification
 k - a potion of ambrosia {unknown}
 o - 2 potions of heal wounds {unknown}
 q - 6 potions of degeneration {unknown}
 E - a potion of haste
 F - 2 potions of flight {unknown}
 G - 2 potions of berserk rage {unknown}
 I - a potion of invisibility {unknown}


   Skills:
 + Level 7.6 Fighting
 + Level 10.1 Axes
 + Level 7.2 Armour
 + Level 9.2 Shields
 * Level 6.7 Invocations
 * Level 6.8 Evocations


You had 10 spell levels left.
You didn't know any spells.
Your spell library contained the following spells:

 Spells                   Type           Power      Damage    Failure   Level
 Apportation              Tloc           0%         N/A       71%         1
 Necrotise                Necr           0%         1d4       71%         1
 Slow                     Hex            0%         N/A       71%         1
 Sting                    Tmut/Pois      0%         1d3       71%         1
 Poisonous Vapours        Pois/Air       0%         N/A       85%         2
 Confusing Touch          Hex            0%         N/A       97%         3
 Vampiric Draining        Necr           0%         2d6       97%         3
 Olgreb's Toxic Radiance  Pois           0%         N/A       100%        4
 Passage of Golubria      Tloc           0%         N/A       100%        4
 Silence                  Hex/Air        0%         N/A       100%        5
 Lehudib's Crystal Spear  Conj/Erth      0%         10d2      100%        8
 Summon Small Mammal      Summ           Unusable   N/A       N/A         1

Dungeon Overview and Level Annotations

Branches:
Dungeon (10/15)            Temple (1/1) D:6            Lair (2/5) D:10
    Orc (0/2) D:10         Bailey (visited)
  Swamp: Lair:2-3    Shoals: Lair:2-3     Snake: Lair:2-3    Spider: Lair:2-3

Altars:
Ashenzari
Cheibriados
Dithmenos
Nemelex Xobeh
Okawaru
Vehumet
Xom
Yredelemnul

Shops:
D:9 ?

Annotations:
D:10 5 runed translucent doors, exclusion: orange crystal statue, bmack86's ghost, journeyman MiFi
Lair:2 Nergalle


Innate Abilities, Weirdness & Mutations

You are a tree.
Your roots penetrate the ground, keeping you stationary.
You cannot be teleported.
You are immune to unholy pain and torment.
Your maximum health is greatly increased.
Your equipment is partially melded.
You are immune to sickness and miasma.
((Your stone body is resilient. (AC +8)))
You are immune to poison.
You resist negative energy. (rN+)
((You are resistant to electric shocks. (rElec)))
You are resistant to unholy torment.
You are immune to petrification.


Message History

Nergalle gestures at the spectral orc knight while chanting.
The spectral orc knight seems to speed up.
You block the yak's attack.
The komodo dragon bites you but does no damage.
Unknown command.
It was a potion of curing.
You feel better.
The black mamba bites you but does no damage. x2
The spectral orc knight hits you with a +2 great sword!
* * * LOW HITPOINT WARNING * * *
You block the yak's attack. The yak gores you but does no damage.
You block Nergalle's attack. The yak gores you.
* * * LOW HITPOINT WARNING * * *
You block the yak's attack. The komodo dragon bites you.
* * * LOW HITPOINT WARNING * * *
It was a potion of lignification.
You turn into a tree.
Your scarf of repulsion melds into your body.
Your +0 helmet of see invisible melds into your body.
Your +0 pair of gloves melds into your body.
Your +0 pair of boots melds into your body.
Your +1 crystal plate armour melds into your body.
The haze of the repulsion field disappears.
You feel less perceptive.
Your roots penetrate the ground.
You block the black mamba's attack.
You block the spectral orc knight's attack.
The yak gores you but does no damage. The yak gores you.
* * * LOW HITPOINT WARNING * * *
You block the black mamba's attack.
The yak gores you but does no damage. x2
Nergalle hits you but does no damage.
The komodo dragon bites you but does no damage.
As you read the scroll of fog, it crumbles to dust.
The scroll dissolves into smoke.
You kill the yak!
Okawaru accepts your kill.
The black mamba bites you but does no damage.
You block the spectral orc knight's attack.
You block the yak's attack. The yak barely misses you.
Nergalle hits you with a +0 dagger.
* * * LOW HITPOINT WARNING * * *
The yak gores you.
You die...

.............##
..............##
...............##
................##
.................##
.................##
[............Z..#
...........YZS.#
..........Z♣Y.#
.........olY.#
.........Y...#
..............
...............
#..............
.#.............
..............


You could see Nergalle (extremely poisoned), a komodo dragon (very poisoned), a
spectral orc (summoned), 2 spectral orc knights, a black mamba and 4 yaks.

Vanquished Creatures
  3 two-headed ogres (D:9)
  An orc knight (Bailey)
  An ugly thing (D:10)
  An elephant (D:10)
  2 unseen horrors (D:10)
  A komodo dragon (Lair:1)
  A tengu conjurer (D:9)
  3 trolls
  A polar bear (Lair:1)
  2 hornets (D:9)
  Sigmund (D:3)
  12 yaks
  3 wyverns (D:10)
  A wraith (D:10)
  A basilisk (D:10)
  Menkaure (D:6)
  4 wargs
  An acid dragon (D:10)
  A water moccasin (Lair:2)
  Duvessa (D:6)
  8 orc warriors
  4 sky beasts
  2 black bears
  An ogre (D:5)
  6 centaurs
  3 phantoms
  3 bullfrogs
  2 scorpions (D:5)
  2 necrophages
  A wight (D:9)
  Dowan (D:6)
  A howler monkey (D:9)
  A jelly (D:5)
  3 orc priests
  4 hounds
  Crazy Yiuf (D:3)
  Jessica (D:3)
  3 iguanas (D:7)
  3 orc wizards
  Robin (D:4)
  7 gnolls
  8 adders
  A white imp (D:5)
  An ufetubus (D:5)
  2 worms (D:2)
  2 dart slugs
  35 orcs
  5 ball pythons
  7 endoplasms
  3 giant cockroaches
  15 goblins
  9 hobgoblins
  6 jackals
  6 kobolds
  3 quokkas
  5 bats
  2 frilled lizards (D:1)
  6 rats
216 creatures vanquished.

Vanquished Creatures (others)
  2 fungi
  2 plants (D:10)
4 creatures vanquished.

Grand Total: 220 creatures vanquished

Notes
Turn   | Place    | Note
-------+----------+-------------------------------------------
     0 | D:1      | bande the Gargoyle Fighter began the quest for the Orb.
     0 | D:1      | Reached XP level 1. HP: 14/14 MP: 1/1
   214 | D:1      | Reached skill level 2 in Axes
   214 | D:1      | Reached XP level 2. HP: 16/19 MP: 2/2
   479 | D:1      | Reached XP level 3. HP: 18/23 MP: 3/3
   700 | D:2      | Identified a scroll of acquirement
   700 | D:2      | Acquired 654 gold pieces
  1157 | D:2      | Reached XP level 4. HP: 19/28 MP: 4/4
  1297 | D:3      | Reached skill level 3 in Axes
  1316 | D:3      | Noticed Jessica
  1319 | D:3      | Killed Jessica
  1539 | D:3      | Found a runed translucent door.
  1540 | D:3      | Noticed Crazy Yiuf
  1639 | D:3      | Noticed Sigmund
  1652 | D:3      | Killed Sigmund
  1653 | D:3      | Reached skill level 4 in Axes
  1653 | D:3      | Reached skill level 1 in Evocations
  1653 | D:3      | Reached XP level 5. HP: 9/33 MP: 5/5
  1653 | D:3      | Reached XP level 6. HP: 11/38 MP: 6/6
  2017 | D:3      | Found a radiant altar of Vehumet.
  2537 | D:3      | Killed Crazy Yiuf
  2694 | D:4      | Acquired a +1 crystal plate armour
  3060 | D:4      | Noticed Robin
  3076 | D:4      | Reached XP level 7. HP: 36/43 MP: 7/7
  3077 | D:4      | Killed Robin
  3312 | D:4      | Reached skill level 5 in Axes
  3526 | D:5      | Entered Level 5 of the Dungeon
  4018 | D:5      | Reached skill level 5 in Shields
  4018 | D:5      | Reached XP level 8. HP: 35/48 MP: 8/8
  4316 | D:6      | Reached skill level 6 in Axes
  4445 | D:6      | Found a staircase to the Ecumenical Temple.
  4455 | D:6      | Reached skill level 5 in Fighting
  4469 | Temple   | Entered the Ecumenical Temple
  4483 | Temple   | Became a worshipper of Warmaster Okawaru
  4560 | D:6      | Reached skill level 5 in Armour
  4681 | D:6      | Reached skill level 1 in Invocations
  4747 | D:6      | Noticed Menkaure
  4756 | D:6      | Killed Menkaure
  4899 | D:6      | Noticed Duvessa
  4900 | D:6      | Noticed Dowan
  4918 | D:6      | Killed Duvessa
  4919 | D:6      | Reached XP level 9. HP: 54/54 MP: 10/10
  4945 | D:6      | Killed Dowan
  5152 | D:6      | Reached * piety under Okawaru
  5153 | D:6      | Reached skill level 7 in Axes
  5974 | D:8      | You fall into a shaft and drop 1 floor!
  6084 | D:9      | Found Jaxuckez's Magic Scroll Emporium.
  6100 | D:9      | Noticed a hornet
  6108 | D:9      | Killed a hornet
  6127 | D:9      | Noticed a two-headed ogre
  6137 | D:9      | Killed a two-headed ogre
  6137 | D:9      | Reached ** piety under Okawaru
  6178 | D:9      | Noticed a two-headed ogre
  6181 | D:9      | Noticed a troll
  6188 | D:9      | Killed a two-headed ogre
  6189 | D:9      | Reached skill level 8 in Axes
  6189 | D:9      | Reached skill level 5 in Evocations
  6189 | D:9      | Reached XP level 10. HP: 24/60 MP: 11/13
  6277 | D:9      | Found a flagged portal.
  6290 | Bailey   | Entered a bailey
  6305 | Bailey   | Reached *** piety under Okawaru
  6445 | Bailey   | Noticed an orc knight
  6609 | Bailey   | Killed an orc knight
  6801 | Bailey   | Identified the +1 cloak of the Screaming Gods {rF+ Str+4
                  | Slay+2}
  7237 | D:10     | Entered Level 10 of the Dungeon
  7296 | D:10     | Noticed an elephant
  7302 | D:10     | Reached skill level 5 in Invocations
  7304 | D:10     | Reached **** piety under Okawaru
  7312 | D:10     | Reached skill level 9 in Axes
  7312 | D:10     | Found a staircase to the Lair.
  7318 | D:10     | Reached XP level 11. HP: 30/66 MP: 13/15
  7321 | D:10     | Reached ***** piety under Okawaru
  7490 | D:10     | Found a runed translucent door.
  7519 | D:10     | Found a runed translucent door.
  7528 | D:10     | Found a runed translucent door.
  7542 | D:10     | Found a runed translucent door.
  7626 | D:10     | Noticed a deep elf pyromancer
  7628 | D:10     | Noticed bmack86's ghost (journeyman MiFi)
  7629 | D:10     | Noticed a stone giant
  7690 | D:10     | Identified the +7 dagger of Impermanence {venom, Will+
                  | Dex+3}
  7744 | D:10     | Found a runed translucent gate.
  7745 | D:10     | Found a runed translucent gate.
  7746 | D:10     | Found a runed translucent gate.
  7829 | D:10     | Noticed a white ugly thing
  7831 | D:10     | Noticed a two-headed ogre
  8344 | D:9      | Killed a two-headed ogre
  8344 | D:9      | Identified the +2 robe "Oczesae" {Rampage rC- rN++ Dex+4}
                  | (Okawaru gifted it to you on level 9 of the Dungeon)
  8344 | D:9      | Received a gift from Okawaru
  8608 | D:10     | Found a staircase to the Orcish Mines.
  9001 | D:10     | Noticed an orange crystal statue
  9346 | D:10     | Killed a white ugly thing
  9354 | D:10     | Reached skill level 10 in Axes
  9386 | Lair:1   | Entered Level 1 of the Lair of Beasts
  9905 | Lair:2   | Noticed Nergalle
  9915 | Lair:2   | HP: 3/67 [komodo dragon (5)]
  9917 | Lair:2   | HP: 1/100 [Nergalle/+0 dagger (4)]
  9917 | Lair:2   | Slain by a yak

Illustrated notes

Levels and vault maps discovered:
D:1:      saegor_arrival_under_anarchy, layout_basic, minmay_tetromino_s2
D:2:      layout_rooms, minmay_cut_off
D:3:      layout_loops_corners, vehumet_altar_wand_db, uniq_crazy_yiuf_cottage,
          uniq_sigmund, uniq_jessica
D:4:      layout_cave_pods, uniq_robin
D:5:      layout_basic, hangedman_abyss_or_decor_passed, kennysheep_donut
D:6:      layout_loops_ring, minmay_temple_entry_slanted, uniq_duvessa,
          uniq_menkaure
D:7:      layout_rooms, minmay_misc_feat_enclosed
D:8:      layout_layer_cave, nicolae_overflow_squiral, led_sif_pool,
          serial_bayou, serial_bayou_shore_b, serial_bayou_pond_a,
          serial_bayou_shore_b, serial_bayou_lagoon_b, nicolae_wooded_promenade,
          minmay_misc_feat_columns, nicolae_shop_firing_range
D:9:      layout_basic, enter_bailey_4, serial_shops, nicolae_lakefront_shop,
          minmay_misc_feat_rows
D:10:     minmay_bloctagon, layout_rooms, david_lair_generic,
          minmay_orc_entry_guard_dogs, gammafunk_ghost_split,
          serial_bayou_pond_a, minivault_10, minmay_statue_crystal_thing
Temple:   compressed_dpeg_circular_temple
Lair:1:   layout_hall_layers
Lair:2:   layout_hall_layers, hellmonk_spider_entry_not_the_bees, uniq_nergalle

Skill      XL: |  1  2  3  4  5  6  7  8  9 10 11 |
---------------+----------------------------------+-----
Axes           | 2 4 5 6 8 9 10 | 10.1
Fighting       | 4 5 6 7 |  7.6
Armour         | 4 5 6 7 |  7.2
Shields        | 4 5 6 7 8 9 |  9.2
Evocations     | 1 2 3 5 6 |  6.8
Invocations    | 1 4 5 6 |  6.7

Action                   |  1- 3 |  4- 6 |  7- 9 | 10-12 || total
-------------------------+-------+-------+-------+-------++-------
Melee: War axe           |   122 |   108 |   389 |   381 ||  1000
  Use: Scroll            |     2 |     8 |     3 |     1 ||    14
       Potion            |       |       |       |     5 ||     5
Armor: Scale mail        |   110 |    32 |       |       ||   142
       Crystal plate arm |       |    74 |   402 |   559 ||  1035
       Skin              |       |       |       |     6 ||     6
Dodge: Dodged            |    68 |    21 |    16 |    37 ||   142
       Repelled          |       |     1 |       |       ||     1
Block: Buckler           |    22 |       |       |       ||    22
       Kite shield       |    25 |    65 |   259 |   378 ||   727

Table legend: (Time is in decaauts)
 A = Elapsed time spent in this place.
 B = Non-inter-level travel time spent in this place.
 C = Inter-level travel time spent in this place.
 D = Time resting spent in this place.
 E = Time spent auto-exploring this place.
 F = Levels seen in this place.
 G = Mean time per level.
                   A        B        C        D        E       F      G
               +--------+--------+--------+--------+--------+-----+--------+
         Total |  10240 |  10010 |    230 |   1720 |   5619 |  14 |  731.4 |
       Dungeon |   9070 |   8840 |    230 |   1437 |   5094 |  10 |  907.0 |
        Temple |     34 |     34 |      0 |      0 |      6 |   1 |   34.0 |
          Lair |    538 |    538 |      0 |     31 |    361 |   2 |  269.0 |
        Bailey |    597 |    597 |      0 |    252 |    158 |   1 |  597.0 |
               +--------+--------+--------+--------+--------+-----+--------+

Top non-repeatable levels by time:
     D:9: 1512 daAuts
     D:3: 1466 daAuts
    D:10: 1380 daAuts
     D:6: 1010 daAuts
     D:4: 872 daAuts
     D:5: 821 daAuts
     D:1: 659 daAuts
     D:2: 643 daAuts
  Bailey: 597 daAuts
     D:7: 595 daAuts
  Lair:1: 496 daAuts
     D:8: 106 daAuts
  Lair:2: 41 daAuts
  Temple: 34 daAuts
